 Dungeon Crawl Stone Soup version 0.31.0-32-g396128a36d (webtiles) character file.

Game seed: 4877669430394532113

714 unlimited1921 the Chopper (level 7, -1/60 HPs)
             Began as a Gnoll Cinder Acolyte on Mar 28, 2024.
             Was a High Priest of Ignis.
             Slain by a gnoll sergeant
             ... wielding a +3 spear of venom
              (5 damage)
             ... on level 5 of the Dungeon.
             The game lasted 00:27:44 (10125 turns).

unlimited1921 the Chopper (Gnoll Cinder Acolyte)   Turns: 10125, Time: 00:27:44

Health: -1/60      AC:  9    Str: 13    XL:     7   Next: 69%
Magic:  2/13       EV: 11    Int: 14    God:    Ignis [*****.]
Gold:   125        SH:  0    Dex:  9    Spells: 1/14 levels left

rFire   + . .        s - +2 dire flail (protect)
rCold   . . .        (shield currently unavailable)
rNeg    . . .        n - +3 leather armour
rPois   .            r - +0 helmet
rElec   .            (no cloak)
rCorr   .            w - +0 pair of gloves
SInv    .            o - +0 pair of boots
Will    .....        B - amulet of magic regeneration
Stlth   ++           (no ring)
HPRegen 0.30/turn    (no ring)
MPRegen 0.53/turn

%: no passive effects
@: lethally poisoned (-1 -> -8)
A: fangs 1, strong nose, distributed training
a: Renounce Religion, Fiery Armour, Foxfire Swarm, Rising Flame


You were on level 5 of the Dungeon.
You worshipped Ignis.
Ignis was extremely pleased with you.
You visited 1 branch of the dungeon, and saw 5 of its levels.

You collected 125 gold pieces.

Inventory:

Hand Weapons
 a - a -1 hand axe of flaming
 e - a +1 short sword of draining
 g - a +4 sling
 m - a +0 spear of venom
 s - a +2 dire flail of protection (weapon)
 t - a +0 glaive
Missiles
 j - 18 poisoned darts
 q - 3 javelins
 v - 23 stones
Armour
 n - a +3 leather armour (worn)
 o - a +0 pair of boots (worn)
 r - a +0 helmet (worn)
 w - a +0 pair of gloves (worn)
 y - a +1 leather armour of cold resistance
Jewellery
 u - an amulet of faith
 B - an amulet of magic regeneration (around neck)
Wands
 b - a wand of flame (13) (quivered)
 D - a wand of roots (10)
Scrolls
 c - 2 scrolls of teleportation {unknown}
 f - 5 scrolls of identify {unknown}
 h - a scroll of torment {unknown}
 p - a scroll of silence {unknown}
 x - a scroll of amnesia {unknown}
 A - a scroll of poison {unknown}
 C - a scroll of immolation {unknown}
Potions
 d - a potion of might {unknown}
 i - a potion of haste {unknown}
 k - 3 potions of berserk rage {unknown}
 l - a potion of invisibility {unknown}
 z - a potion of resistance {unknown}


   Skills:
 + Level 7.1 Fighting
 + Level 2.7 Short Blades
 + Level 2.7 Long Blades
 + Level 7.1 Axes
 + Level 2.7 Maces & Flails
 + Level 2.7 Polearms
 + Level 2.7 Staves
 + Level 2.7 Ranged Weapons
 + Level 2.7 Throwing
 + Level 2.7 Armour
 + Level 2.7 Dodging
 + Level 2.7 Stealth
 + Level 2.7 Shields
 + Level 2.7 Unarmed Combat
 + Level 4.0 Spellcasting
 + Level 2.2 Conjurations
 + Level 2.2 Hexes
 + Level 2.2 Summonings
 + Level 2.2 Necromancy
 + Level 2.2 Translocations
 + Level 5.9 Fire Magic
 + Level 2.2 Ice Magic
 + Level 2.2 Air Magic
 + Level 2.2 Earth Magic
 + Level 2.2 Alchemy
 + Level 3.0 Invocations
 + Level 2.7 Evocations
 + Level 2.5 Shapeshifting


You had one spell level left.
You knew the following spells:

 Your Spells              Type           Power      Damage    Failure   Level
a - Scorch                Fire           38%        2d6       3%          2
b - Call Imp              Summ           18%        N/A       14%         2
c - Call Canine Familiar  Summ           9%         N/A       28%         3
d - Frozen Ramparts       Ice            18%        1d3       28%         3
e - Hailstorm             Conj/Ice       9%         3d6       28%         3

Your spell library contained the following spells:

 Spells                   Type           Power      Damage    Failure   Level
 Freeze                   Ice            36%        1d5       10%         1
 Magic Dart               Conj           36%        1d4       10%         1
 Blink                    Tloc           18%        N/A       14%         2
 Sigil of Binding         Hex            9%         N/A       28%         3
 Dimensional Bullseye     Hex/Tloc       4%         N/A       67%         4


Dungeon Overview and Level Annotations

Branches:
Dungeon (5/15)
 Temple: D:4-7

Altars:
Cheibriados
Dithmenos
Vehumet


Innate Abilities, Weirdness & Mutations

You have very sharp teeth.
Your uncanny sense of smell can sniff out nearby items.
Your experience applies equally to all skills.


Message History

The gnoll sergeant closely misses you.
Casting: Scorch (safe; 3% risk of failure)
Confirm with . or Enter, or press ? or * to list all spells.
Flames lash the gnoll sergeant.
The gnoll sergeant is burned terribly!
The gnoll sergeant is heavily wounded.
You feel sick.
Your cerulean imp hits the gnoll sergeant but does no damage.
The gnoll sergeant hits your cerulean imp with a +3 spear of venom.
Your cerulean imp dies!
Your cerulean imp disappears in a puff of smoke!
The gnoll sergeant shouts!
You feel very sick.
You feel sick.
You feel sick.
The gnoll sergeant attacks as it pursues you!
The gnoll sergeant hits you from afar with a +3 spear of venom.
You are more poisoned.
You feel sick.
You feel sick. The gnoll sergeant closely misses you.
You feel sick.
You feel sick.
Casting: Scorch (safe; 3% risk of failure)
Confirm with . or Enter, or press ? or * to list all spells.
Flames lash the gnoll sergeant.
The gnoll sergeant is almost dead.
The gnoll sergeant's fire resistance burns away.
You feel sick.
The gnoll sergeant hits you from afar with a +3 spear of venom!
* * * LOW HITPOINT WARNING * * *
Casting: Scorch (safe; 3% risk of failure)
Confirm with . or Enter, or press ? or * to list all spells.
Flames lash the gnoll sergeant but do no damage.
You feel sick.
The gnoll sergeant hits you but does no damage.
You are lethally poisoned!
* * * LOW HITPOINT WARNING * * *
You feel very sick.
The gnoll sergeant attacks as it pursues you!
The gnoll sergeant hits you from afar with a +3 spear of venom.
You die...

#.####.......# #.####...# ###
#.# ........###.....##.###.#
#.# .........##...#####.##.#
#.# .............## #....#
... #..........## ##...## ..
#.......#..####.###.# ...
###...#g.###......# ###
....###....g##..##......#####
...........###.@#........##.#
.....)†.#.## ##............##
......#.)## #............##
..#....### ###...#.......##
###.# ####.........## ..#
#......#..#.# .##
##....##.##.# .
######...#.#####
###...####...#


You could see a gnoll sergeant (combustible).

Vanquished Creatures
  Edmund (D:3)
  2 ogres (D:4)
  Blork the orc (D:4)
  A howler monkey (D:4)
  A bombardier beetle (D:4)
  An iguana (D:4)
  Terence (D:3)
  Robin (D:3)
  3 adders
  8 gnolls
  A dart slug (D:3)
  5 ribbon worms
  10 ball pythons
  6 endoplasms
  3 giant cockroaches
  16 goblins
  9 hobgoblins
  4 quokkas
  4 bats
  5 frilled lizards
  11 kobolds
  22 rats
116 creatures vanquished.

Vanquished Creatures (collateral kills)
  A gnoll (D:5)
1 creature vanquished.

Grand Total: 117 creatures vanquished

Notes
Turn   | Place    | Note
-------+----------+-------------------------------------------
     0 | D:1      | unlimited1921 the Gnoll Cinder Acolyte began the quest for
                  | the Orb.
     0 | D:1      | Reached XP level 1. HP: 23/23 MP: 4/4
    62 | D:1      | Reached XP level 2. HP: 20/29 MP: 5/5
  1928 | D:1      | Learned a level 2 spell: Scorch
  1930 | D:1      | Reached XP level 3. HP: 35/35 MP: 4/7
  3152 | D:2      | Reached skill level 1 in Invocations
  3920 | D:2      | Reached skill level 1 in Short Blades
  3920 | D:2      | Reached skill level 1 in Long Blades
  3920 | D:2      | Reached skill level 1 in Maces & Flails
  3920 | D:2      | Reached skill level 1 in Polearms
  3920 | D:2      | Reached skill level 1 in Staves
  3920 | D:2      | Reached skill level 1 in Ranged Weapons
  3920 | D:2      | Reached skill level 1 in Throwing
  3920 | D:2      | Reached skill level 1 in Armour
  3920 | D:2      | Reached skill level 1 in Dodging
  3920 | D:2      | Reached skill level 1 in Stealth
  3920 | D:2      | Reached skill level 1 in Shields
  3920 | D:2      | Reached skill level 1 in Unarmed Combat
  3920 | D:2      | Reached skill level 1 in Evocations
  4284 | D:2      | Found a shadowy altar of Dithmenos.
  4419 | D:3      | Reached skill level 1 in Shapeshifting
  4419 | D:3      | Reached XP level 4. HP: 41/41 MP: 5/8
  4427 | D:3      | Reached skill level 1 in Conjurations
  4427 | D:3      | Reached skill level 1 in Hexes
  4427 | D:3      | Reached skill level 1 in Summonings
  4427 | D:3      | Reached skill level 1 in Necromancy
  4427 | D:3      | Reached skill level 1 in Translocations
  4427 | D:3      | Reached skill level 1 in Ice Magic
  4427 | D:3      | Reached skill level 1 in Air Magic
  4427 | D:3      | Reached skill level 1 in Earth Magic
  4427 | D:3      | Reached skill level 1 in Alchemy
  5004 | D:3      | Found a snail-covered altar of Cheibriados.
  6058 | D:3      | Found a radiant altar of Vehumet.
  6381 | D:3      | Noticed Terence
  6387 | D:3      | Killed Terence
  6388 | D:3      | Reached XP level 5. HP: 47/47 MP: 0/9
  6731 | D:3      | Noticed Robin
  6735 | D:3      | Killed Robin
  7271 | D:4      | Noticed Edmund
  7274 | D:4      | Noticed Blork the orc
  7282 | D:3      | Killed Edmund
  7283 | D:3      | Reached XP level 6. HP: 27/53 MP: 2/11
  7816 | D:4      | Reached XP level 7. HP: 59/60 MP: 12/12
  8423 | D:4      | Killed Blork the orc
  9667 | D:4      | Learned a level 2 spell: Call Imp
  9753 | D:4      | Learned a level 3 spell: Call Canine Familiar
  9757 | D:4      | Learned a level 3 spell: Frozen Ramparts
  9761 | D:4      | Learned a level 3 spell: Hailstorm
  9778 | D:5      | Entered Level 5 of the Dungeon
 10125 | D:5      | Slain by a gnoll sergeant

Illustrated notes

Levels and vault maps discovered:
D:1:      co_arrival_square_in_a_square_in_a_square, layout_basic
D:2:      layout_basic, basic_altar, minmay_tall_x
D:3:      layout_basic, cheibriados_altar_1, vehumet_altar_wand_db,
          minivault_27, nicolae_wormholes, uniq_robin, uniq_terence
D:4:      layout_basic, grunt_ministairs_3, minmay_rat_hole, uniq_blork_the_orc,
          uniq_edmund
D:5:      layout_layer_cave, minmay_temple_entry_glassed_door,
          minmay_starry_boxes

Skill      XL: |  1  2  3  4  5  6  7 |
---------------+----------------------+-----
Invocations    | 1 2 3 |  3.0
Short Blades   | 1 2 |  2.7
Long Blades    | 1 2 |  2.7
Maces & Flails | 1 2 |  2.7
Polearms       | 1 2 |  2.7
Staves         | 1 2 |  2.7
Ranged Weapons | 1 2 |  2.7
Throwing       | 1 2 |  2.7
Armour         | 1 2 |  2.7
Dodging        | 1 2 |  2.7
Stealth        | 1 2 |  2.7
Shields        | 1 2 |  2.7
Unarmed Combat | 1 2 |  2.7
Evocations     | 1 2 |  2.7
Shapeshifting  | 1 2 |  2.5
Spellcasting   | 3 4 |  4.0
Conjurations   | 1 2 |  2.2
Hexes          | 1 2 |  2.2
Summonings     | 1 2 |  2.2
Necromancy     | 1 2 |  2.2
Translocations | 1 2 |  2.2
Ice Magic      | 1 2 |  2.2
Air Magic      | 1 2 |  2.2
Earth Magic    | 1 2 |  2.2
Alchemy        | 1 2 |  2.2
Fighting       | 7 |  7.1
Axes           | 7 |  7.1
Fire Magic     | |  5.9

Action                     |  1- 3 |  4- 6 |  7- 9 || total
---------------------------+-------+-------+-------++-------
  Melee: Hand axe          |    50 |       |       ||    50
         Bite              |     4 |     2 |     8 ||    14
         Short sword       |    22 |    25 |       ||    47
         Dire flail        |       |    20 |    45 ||    65
  Throw: Dart              |     2 |    30 |     7 ||    39
   Cast: Scorch            |    18 |    42 |    29 ||    89
         Call Imp          |       |       |     3 ||     3
  Evoke: Wand              |       |       |     8 ||     8
 Armour: Robe              |    42 |     7 |       ||    49
         Leather armour    |       |    24 |    37 ||    61
  Dodge: Dodged            |    32 |    34 |    38 ||   104
